 Dungeon Crawl Stone Soup version bcrawl-1.14.1-2-g116eac945c (webtiles) character file.

Game seed: 9033056983351896340

41 Fv001 the Skirmisher (level 3, -9/31 HPs)
             Began as an Oni Fighter on Sept 19, 2019.
             Killed from afar by an orc wizard (11 damage)
             ... with a puff of flame
             ... on level 2 of the Dungeon.
             The game lasted 00:03:29 (875 turns).

Fv001 the Skirmisher (Oni Fighter)                   Turns: 875, Time: 00:03:30

Health: -9/31      AC:  9    Str: 19    XL:     3   Next: 52%
Magic:  5/5        EV:  7    Int: 10    God:
Gold:   147        SH:  9    Dex: 10    Spells: 2/2 levels left

rFire    . . .     SeeInvis .   a - +0 flail
rCold    . . .     Gourm    .   c - +0 shield
rNeg     . . .     Faith    .   b - +0 scale mail
rPois    .         Spirit   .   (helmet restricted)
rElec    .         Reflect  .   n - +0 cloak
rCorr    .         Harm     .   (no gloves)
MR       .....                  k - +0 pair of boots
Stlth    ..........             (no amulet)
HPRegen  0.10/turn              (no ring)
MPRegen  0.09/turn              (no ring)

@: no status effects
A: oni magic, claws 1, fangs 1, horns 1
a: no special abilities


You were on level 2 of the Dungeon.
You were not hungry.

You visited 1 branch of the dungeon, and saw 2 of its levels.

You collected 147 gold pieces.

Inventory:

Hand Weapons
 a - a +0 flail (weapon)
Armour
 b - a +0 scale mail (worn)
 c - a +0 shield (worn)
 h - a scarf of spirit shield
 k - a +0 pair of boots (worn)
 n - a +0 cloak (worn)
Scrolls
 e - a scroll of fear {unknown}
 g - a scroll of enchant armour {unknown}
 i - 4 scrolls of identify {unknown}
 j - a scroll of magic mapping {unknown}
 l - a scroll of remove curse {unknown}
 o - a scroll of blinking {unknown}
 p - a scroll of noise {unknown}
 q - a scroll of amnesia {unknown}
Potions
 d - 3 potions of might
Comestibles
 f - 6 rations {!d}
 m - 7 chunks of flesh


   Skills:
 + Level 3.3 Fighting
 + Level 2.6 Maces & Flails
 + Level 3.0 Armour
 + Level 0.5 Dodging
 + Level 3.0 Shields
 + Level 0.3 Spellcasting


You had 2 spell levels left.
You didn't know any spells.
Your spell library contained the following spells:

 Spells                   Type           Power        Failure   Level  Hunger
 Beastly Appendage        Tmut           #.....       99%         1    ##.....


Dungeon Overview and Level Annotations

Branches:
Dungeon (2/12)

Altars:


Innate Abilities, Weirdness & Mutations

You learn spells by gaining experience, not through books or religion.
You only train spellcasting to practice magic.
You have sharp fingernails.
You have very sharp teeth.
You have a pair of small horns on your head.


Message History

You closely miss the orc wizard.
The orc wizard is almost dead.
The orc wizard mumbles some strange words.
The orc wizard flickers and vanishes!
Deactivating autopickup; reactivate with Ctrl-A.
The orc completely misses you.
You hear some strange, mumbled words.
A puff of frost appears from out of thin air!
You block the puff of frost. Something hits you but does no damage.
The orc hits you with a +0 mace of holy wrath.
You convulse.
You closely miss something. Your bite misses something. Something hits you.
The orc hits you with a +0 mace of holy wrath.
* * * LOW HITPOINT WARNING * * *
You convulse.
* * * LOW HITPOINT WARNING * * *
You hear some strange, mumbled words.
A puff of flame appears from out of thin air!
The puff of flame hits you!
You die...

###.#### #.# ## #.#
.# #.# .# ###.# .#
#...#######.##### .#
#.#..รท..........#
o#
#...#######.###.##{#
.....## #.....@.o#
#.....# #####.####
##...## #.# ##.##
#.# #.# #.# #.#
#.### ##'## #...#
##...##
#######.#####
#.....##
#...........#


You could see an orc.

Vanquished Creatures
  An adder (D:2)
  An ooze (D:2)
  A leopard gecko (D:2)
  2 bats
  2 giant cockroaches (D:1)
  A goblin (D:2)
  4 hobgoblins
  3 jackals (D:2)
  5 kobolds
  A quokka (D:2)
  A frilled lizard (D:1)
  3 rats (D:1)
25 creatures vanquished.

Notes
Turn   | Place    | Note
-------+----------+-------------------------------------------
     0 | D:1      | Fv001 the Oni Fighter began the quest for the Orb.
     0 | D:1      | Reached XP level 1. HP: 19/19 MP: 3/3
   185 | D:1      | Reached XP level 2. HP: 26/26 MP: 4/4
   594 | D:2      | Reached XP level 3. HP: 27/31 MP: 5/5
   875 | D:2      | Killed from afar by an orc wizard

Skill      XL: |  1  2  3 |
---------------+----------+-----
Shields        | 3 |  3.0
Armour         | 3 |  3.0
Fighting       | |  3.3
Maces & Flails | |  2.6
Dodging        | |  0.5
Spellcasting   | |  0.3

Action                   || total
-------------------------++-------
Melee: Flail             ||    75
       Headbutt          ||     6
       Bite              ||     2
Armor: Scale mail        ||    29
Dodge: Dodged            ||    22
Block: Shield            ||    35
